 Dungeon Crawl Stone Soup version 0.27.1-1-g398f81649c (webtiles) character file.

Game seed: 12017995465690863942

230 chaosape the Chopper (level 6, -2/50 HPs)
             Began as a Gnoll Wanderer on Sept 6, 2021.
             Slain by a gnoll (5 damage)
             ... on level 5 of the Dungeon.
             The game lasted 00:08:28 (2515 turns).

chaosape the Chopper (Gnoll Wanderer)               Turns: 2515, Time: 00:08:28

Health: -2/50      AC:  6    Str: 15    XL:     6   Next: 3%
Magic:  10/10      EV:  9    Int: 10    God:
Gold:   71         SH:  0    Dex: 11    Spells: 11/11 levels left

rFire    . . .     SeeInvis .   e - +3 dagger (distort)
rCold    . . .     Faith    .   (no shield)
rNeg     . . .     Spirit   .   n - +0 scale mail
rPois    .         Reflect  .   (no helmet)
rElec    .         Harm     .   (no cloak)
rCorr    .         Rampage  .   (no gloves)
Will     .....                  (no boots)
Stlth    ..........             (no amulet)
HPRegen  0.16/turn              (no ring)
MPRegen  0.12/turn              (no ring)

@: no status effects
A: fangs 1, strong nose, distributed training
a: no special abilities


You were on level 5 of the Dungeon.
You visited 1 branch of the dungeon, and saw 4 of its levels.

You collected 71 gold pieces.

Inventory:

Hand Weapons
 a - a +0 dagger
 e - a +3 dagger of distortion (weapon)
 f - a +1 spear of venom
 m - a +0 hunting sling
Missiles
 b - 39 poisoned darts (quivered)
 l - 52 arrows
Armour
 c - a +0 robe
 i - a +0 ring mail
 n - a +0 scale mail (worn)
Magical Staves
 h - a staff of death
Potions
 k - a potion of degeneration {unknown}
 p - a potion of ambrosia {unknown}


   Skills:
 + Level 4.9 Fighting
 + Level 1.7 Short Blades
 + Level 1.7 Long Blades
 + Level 6.7 Axes
 + Level 1.7 Maces & Flails
 + Level 1.7 Polearms
 + Level 1.7 Staves
 + Level 1.7 Slings
 + Level 1.7 Bows
 + Level 1.7 Crossbows
 + Level 3.1 Throwing
 + Level 1.7 Armour
 + Level 1.7 Dodging
 + Level 1.7 Stealth
 + Level 3.1 Shields
 + Level 1.7 Unarmed Combat
 + Level 3.3 Spellcasting
 + Level 1.3 Conjurations
 + Level 1.3 Hexes
 + Level 2.5 Summonings
 + Level 1.3 Necromancy
 + Level 1.3 Translocations
 + Level 1.3 Transmutations
 + Level 1.3 Fire Magic
 + Level 2.5 Ice Magic
 + Level 1.3 Air Magic
 + Level 1.3 Earth Magic
 + Level 1.3 Poison Magic
 + Level 2.0 Invocations
 + Level 1.7 Evocations


You had 11 spell levels left.
You didn't know any spells.
Your spell library contained the following spells:

 Spells                   Type           Power      Damage    Failure   Level
 Call Imp                 Summ           6%         N/A       50%         2
 Foxfire                  Conj/Fire      16%        2x1d4     52%         1
 Magic Dart               Conj           16%        1d3       52%         1
 Blink                    Tloc           N/A        N/A       67%         2
 Slow                     Hex            4%         N/A       67%         2
 Conjure Flame            Conj/Fire      4%         6-21      88%         3
 Inner Flame              Hex/Fire       4%         N/A       88%         3
 Mephitic Cloud           Conj/Pois/Air  4%         N/A       88%         3


Dungeon Overview and Level Annotations

Branches:
Dungeon (3/15)

Altars:

Shops:
D:2 =


Innate Abilities, Weirdness & Mutations

You have very sharp teeth.
Your uncanny sense of smell can sniff out nearby items.
Your experience applies equally to all skills.


Message History

The gnoll hits you from afar with a +0 spear.
* * * LOW HITPOINT WARNING * * *
You closely miss the water moccasin zombie.
The water moccasin zombie is almost destroyed.
The water moccasin zombie barely misses you.
The gnoll hits you from afar with a +0 spear.
* * * LOW HITPOINT WARNING * * *
Okay, then.
You barely miss the water moccasin zombie.
The water moccasin zombie is almost destroyed.
The water moccasin zombie barely misses you.
The gnoll hits you from afar with a +0 spear.
* * * LOW HITPOINT WARNING * * *
Unknown command.
Your scale mail prevents you from hitting the water moccasin zombie.
The water moccasin zombie is almost destroyed.
The water moccasin zombie bites you but does no damage.
The water moccasin zombie barely misses you.
The gnoll barely misses you.
You hit the water moccasin zombie.
You destroy the water moccasin zombie!
The gnoll closely misses you.
Your Invocations skill increases to level 2!
You have reached level 6!
Your experience leads to an increase in your attributes!
Increase (S)trength, (I)ntelligence, or (D)exterity?
You feel stronger. The gnoll hits you with a +0 spear.
* * * LOW HITPOINT WARNING * * *
You completely miss the gnoll. The gnoll hits you with a +0 spear.
* * * LOW HITPOINT WARNING * * *
You hit the gnoll but do no damage. You bite the gnoll.
The gnoll is lightly wounded.
You closely miss the gnoll.
The gnoll is lightly wounded.
The gnoll hits you but does no damage.
You completely miss the gnoll. You punch the gnoll, but do no damage.
The gnoll is lightly wounded.
The gnoll hits you with a +0 spear.
You die...

..^^§.§.§.#####.#
#..^.§..........#
#.#.^§§.........#
#...###§........# ..
###..§§§§)......#.#.
#####§§§..........
#§..§.....#
######g##.# #@# .#
########.#
#.....##.#
#........#
#........#
##.......#
#.......#######
#######........
########.


You could see a gnoll.

Vanquished Creatures
  A phantom (D:2)
  A water moccasin zombie (D:5)
  A hound (D:5)
  Jessica (D:2)
  A dart slug (D:1)
  3 endoplasms
  A giant cockroach (D:2)
  5 goblins
  4 hobgoblins
  2 kobolds (D:1)
  2 ball pythons (D:1)
  6 bats
  6 frilled lizards
  10 rats
44 creatures vanquished.

Notes
Turn   | Place    | Note
-------+----------+-------------------------------------------
     0 | D:1      | chaosape the Gnoll Wanderer began the quest for the Orb.
     0 | D:1      | chaosape set off with the following items: a +0 dagger, 11
                  | poisoned darts, a +0 robe; and the following spells
                  | available to memorise: Call Imp, Foxfire, Magic Dart,
                  | Blink, Slow, Conjure Flame, Inner Flame, Mephitic Cloud
     0 | D:1      | Reached XP level 1. HP: 20/20 MP: 4/4
     2 | D:1      | Noticed a barachi
     4 | D:1      | Noticed a naga
     4 | D:1      | Noticed a spriggan
     6 | D:1      | Noticed a demigod
     8 | D:1      | Noticed a palentonga
     8 | D:1      | Noticed a human
    10 | D:1      | Noticed a formicid
    10 | D:1      | Noticed a gargoyle
    12 | D:1      | Noticed a draconian
    12 | D:1      | Noticed a minotaur
    14 | D:1      | Noticed a merfolk
    14 | D:1      | Noticed a vampire
    16 | D:1      | Noticed a troll
    16 | D:1      | Noticed a felid
    18 | D:1      | Noticed a tengu
    18 | D:1      | Noticed an octopode
    20 | D:1      | Noticed a dwarf
    20 | D:1      | Noticed a vine stalker
    22 | D:1      | Noticed an elf
    24 | D:1      | Noticed a demonspawn
    24 | D:1      | Noticed a ghoul
    26 | D:1      | Noticed a djinni
    26 | D:1      | Noticed an ogre
   182 | D:1      | Reached XP level 2. HP: 16/26 MP: 5/5
   783 | D:1      | Reached XP level 3. HP: 31/31 MP: 7/7
  1197 | D:2      | Found Heqedd's Jewellery Emporium.
  1201 | D:2      | Reached skill level 1 in Invocations
  1253 | D:2      | Noticed a phantom
  1269 | D:2      | Killed a phantom
  1270 | D:2      | Reached skill level 1 in Short Blades
  1270 | D:2      | Reached skill level 1 in Long Blades
  1270 | D:2      | Reached skill level 1 in Maces & Flails
  1270 | D:2      | Reached skill level 1 in Polearms
  1270 | D:2      | Reached skill level 1 in Staves
  1270 | D:2      | Reached skill level 1 in Slings
  1270 | D:2      | Reached skill level 1 in Bows
  1270 | D:2      | Reached skill level 1 in Crossbows
  1270 | D:2      | Reached skill level 1 in Armour
  1270 | D:2      | Reached skill level 1 in Dodging
  1270 | D:2      | Reached skill level 1 in Stealth
  1270 | D:2      | Reached skill level 1 in Unarmed Combat
  1270 | D:2      | Reached skill level 1 in Conjurations
  1270 | D:2      | Reached skill level 1 in Hexes
  1270 | D:2      | Reached skill level 1 in Necromancy
  1270 | D:2      | Reached skill level 1 in Translocations
  1270 | D:2      | Reached skill level 1 in Transmutations
  1270 | D:2      | Reached skill level 1 in Fire Magic
  1270 | D:2      | Reached skill level 1 in Air Magic
  1270 | D:2      | Reached skill level 1 in Earth Magic
  1270 | D:2      | Reached skill level 1 in Poison Magic
  1270 | D:2      | Reached skill level 1 in Evocations
  1270 | D:2      | Reached XP level 4. HP: 18/38 MP: 8/8
  1685 | D:2      | Reached XP level 5. HP: 43/43 MP: 9/9
  1864 | D:2      | Noticed Jessica
  1870 | D:2      | Killed Jessica
  2421 | D:3      | You fall into a shaft and drop 2 floors!
  2421 | D:5      | Entered Level 5 of the Dungeon
  2443 | D:5      | Noticed a necrophage
  2510 | D:5      | Reached XP level 6. HP: 8/50 MP: 10/10
  2515 | D:5      | Slain by a gnoll

Illustrated notes

Levels and vault maps discovered:
D:1:      kb_arrival_jail, layout_rooms, minivault_11, minmay_split_cup_large
D:2:      layout_loops_cross, serial_shops, shop, uniq_jessica
D:3:      layout_loops_ring, nicolae_overflow_hidden_temple,
          jmf_multi_god_temple2
D:5:      layout_basic, minmay_holes, serial_bayou_pond_a,
          nicolae_shop_sticking_my_neck_out

Skill      XL: |  1  2  3  4  5 |
---------------+----------------+-----
Summonings     | 2 |  2.5
Ice Magic      | 2 |  2.5
Invocations    | 1 2 |  2.0
Short Blades   | 1 |  1.7
Long Blades    | 1 |  1.7
Maces & Flails | 1 |  1.7
Polearms       | 1 |  1.7
Staves         | 1 |  1.7
Slings         | 1 |  1.7
Bows           | 1 |  1.7
Crossbows      | 1 |  1.7
Armour         | 1 |  1.7
Dodging        | 1 |  1.7
Stealth        | 1 |  1.7
Unarmed Combat | 1 |  1.7
Spellcasting   | 3 |  3.3
Conjurations   | 1 |  1.3
Hexes          | 1 |  1.3
Necromancy     | 1 |  1.3
Translocations | 1 |  1.3
Transmutations | 1 |  1.3
Fire Magic     | 1 |  1.3
Air Magic      | 1 |  1.3
Earth Magic    | 1 |  1.3
Poison Magic   | 1 |  1.3
Evocations     | 1 |  1.7
Throwing       | 3 |  3.1
Shields        | 3 |  3.1
Fighting       | |  4.9
Axes           | |  6.7

Action                   |  1- 3 |  4- 6 || total
-------------------------+-------+-------++-------
Melee: Dagger            |    62 |    28 ||    90
       Bite              |     9 |     3 ||    12
       Spear             |    43 |    17 ||    60
       Punch             |       |     1 ||     1
  Use: Scroll            |       |     6 ||     6
       Potion            |       |     1 ||     1
 Stab: Sleeping          |     2 |       ||     2
Armor: Robe              |    24 |       ||    24
       Ring mail         |     3 |       ||     3
       Scale mail        |       |    34 ||    34
Dodge: Dodged            |    63 |    32 ||    95
